Jets vs Predators
Created - December 9, 2017 at 19:50
Goals
|
| Jets |
2 |
1 |
2 |
5 |
| Predators |
1 |
0 |
1 |
2 |
|
Shots
|
| Jets |
16 |
19 |
7 |
42 |
| Predators |
11 |
15 |
12 |
38 |
|
1st period
1. Predators , Niclas Bergfors 10 (Alexander Ovechkin 19, Alexander Edler 15) at 9:28 (PP)
2. Jets , Benoit Pouliot 18 (Dustin Brown 16, Shea Weber 6) at 9:43
3. Jets , Benoit Pouliot 19 (Derek Roy 15) at 17:08
Penalties :
Derek Roy (Win) for Hooking (Minor) at 9:00, Alexander Edler (Nas) for High sticking (Minor) at 18:58
2nd period
4. Jets , Benoit Pouliot 20 (Derek Roy 16, Eric Gelinas 11) at 9:15
Penalties :
Alexander Ovechkin (Nas) for Hooking (Minor) at 4:18, Tyler Myers (Win) for Tripping (Minor) at 13:05
3rd period
5. Jets , Dustin Brown 7 (Derek Roy 17, Benoit Pouliot 20) at 9:01
6. Jets , Benoit Pouliot 21 (Derek Roy 18, Eric Gelinas 12) at 9:13
7. Predators , Byron Bitz 5 (Andy Miele 8, Alexander Steen 9) at 14:40
Penalties :
Alexander Ovechkin (Nas) for Slashing (Minor) at 2:24, Tyler Myers (Win) for Tripping (Minor) at 15:24
Goalie Stats
Kari Lehtonen (Win), 36 saves from 38 shots - (0.947), W, 5-3-1, 60:00 minutes
Viktor Fasth (Nas), 37 saves from 42 shots - (0.881), L, 15-8-0, 60:00 minutes
Players Stats for Jets
Player Name G A P +/- PIM S H SB GA TA FO MP PP MP PK MP
------------------------------------------------------------------------------------
Anton Volchenkov 0 0 0 0 0 0 0 4 0 0 0/0 13:55 0:00 0:53
Benoit Pouliot 4 1 5 5 0 9 1 0 1 0 2/2 20:50 3:45 1:06
Derek Roy 0 4 4 5 2 2 1 0 2 1 20/34 20:02 2:12 2:08
Derek Stepan 0 0 0 -1 0 2 1 1 0 0 10/18 17:38 3:45 0:00
Devin Setoguchi 0 0 0 -1 0 1 1 0 1 0 1/1 17:38 3:45 0:00
Dustin Brown 1 1 2 5 0 3 1 2 0 0 2/3 19:36 2:12 1:41
Eric Fehr 0 0 0 0 0 1 2 0 0 0 0/0 7:24 0:00 0:00
Eric Gelinas 0 2 2 2 0 1 0 1 1 0 0/0 22:05 1:56 2:27
Erik Haula 0 0 0 0 0 2 0 0 0 1 0/0 10:00 0:00 2:36
Jared Spurgeon 0 0 0 0 0 0 1 1 0 0 0/0 12:19 0:00 0:00
Joe Colborne 0 0 0 0 0 0 1 0 0 0 0/0 8:08 0:00 0:44
Lee Stempniak 0 0 0 0 0 2 1 1 0 0 0/0 12:02 0:00 0:00
Marco Scandella 0 0 0 2 0 1 5 0 2 0 0/0 26:23 4:01 3:21
Marcus Johansson 0 0 0 -1 0 6 2 0 0 0 0/0 16:24 2:12 0:00
Michael Rupp 0 0 0 0 0 4 0 2 0 0 0/2 12:02 0:00 0:00
Mikko Koivu 0 0 0 0 0 0 1 1 0 0 5/10 13:14 0:00 0:37
Shea Weber 0 1 1 2 0 5 0 0 2 0 0/0 25:20 4:01 1:43
Tyler Myers 0 0 0 2 4 3 2 1 0 0 0/0 20:31 1:56 0:28
Players Stats for Predators
Player Name G A P +/- PIM S H SB GA TA FO MP PP MP PK MP
------------------------------------------------------------------------------------
Adam Burish 0 0 0 -1 0 4 3 0 0 0 2/2 14:22 0:00 3:41
Alexander Edler 0 1 1 -3 2 1 2 3 0 2 0/0 24:08 2:42 2:33
Alexander Ovechkin 0 1 1 -3 4 1 3 1 0 1 0/2 20:51 2:43 0:00
Alexander Steen 0 1 1 0 0 5 1 0 0 1 0/1 15:04 1:43 0:55
Andy Miele 0 1 1 0 0 0 2 1 0 2 6/19 18:00 1:43 3:41
Anton Gustafsson 0 0 0 0 0 2 1 0 0 0 1/2 8:20 0:00 0:00
Brett Clark 0 0 0 0 0 0 1 0 0 0 0/0 13:27 0:00 3:13
Byron Bitz 1 0 1 0 0 6 3 1 0 0 4/4 15:40 1:43 1:21
Dmitri Kalinin 0 0 0 -1 0 3 1 4 0 1 0/0 20:19 2:42 0:07
James Van Riemsdyk 0 0 0 -1 0 1 0 0 0 0 0/0 10:31 0:00 0:00
Jeremy Williams 0 0 0 0 0 1 0 0 0 0 1/1 8:20 0:00 0:00
John Moore 0 0 0 -1 0 1 0 1 0 1 0/0 19:10 0:00 1:36
Justin Abdelkader 0 0 0 0 0 1 1 0 0 0 0/0 9:10 0:00 0:50
Kris Vernarsky 0 0 0 -1 0 2 0 1 0 0 2/7 10:36 0:00 0:05
Niclas Bergfors 1 0 1 -3 0 6 3 0 1 0 0/0 20:43 2:43 0:00
Ryan Kesler 0 0 0 -3 0 1 0 0 1 0 14/32 22:14 2:43 1:21
Ryan Mcdonagh 0 0 0 -3 0 0 0 2 0 1 0/0 28:02 1:44 4:25
Ryan Murray 0 0 0 0 0 3 1 0 0 0 0/0 15:03 1:44 0:00
3 Stars
1 - Benoit Pouliot (Win)
2 - Dustin Brown (Win)
3 - Derek Roy (Win)
Power Play
Jets - 0 on 3 Attempt(s) - 0.00%
Predators - 1 on 3 Attempt(s) - 33.33%
Penalty Kill
Jets - 2 on 3 Attempt(s) - 66.67%
- Score 0 goal in Penalty Kill
Predators - 3 on 3 Attempt(s) - 100.00%
- Score 0 goal in Penalty Kill
Team Stat
Jets - Hits : 20 - Faceoff Wins : 40 - Blocked Shots : 14 - Penalty Minutes : 6
Predators - Hits : 22 - Faceoff Wins : 30 - Blocked Shots : 14 - Penalty Minutes : 6
Official
Referees : McCauley Wes and Sutherland Kelly
Linesman : Brian Mach and Lonnie Cameron
Game Notes
Benoit Pouliot has scored a Hat Trick!
Finance
Level 1 -- Attendance: 6000 (100.00%) -- Ticket Income $528,000
Level 2 -- Attendance: 4698 (93.96%) -- Ticket Income $253,692
Level 3 -- Attendance: 1868 (93.40%) -- Ticket Income $63,512
Level 4 -- Attendance: 3677 (91.93%) -- Ticket Income $95,602
Luxury Box -- Attendance: 724 (72.40%) -- Ticket Income $123,080
Game was played at the Wildcat center.
Total Attendance: 16967 (94.26%)
Total Ticket Income: $1,063,886
Other Income: $159,583
Total Income: $1,223,469
Jets
5 vs 5 Forward
Center Left Wing Right Wing Time % Phy DF OF
1 Derek Roy Benoit Pouliot Dustin Brown 37 0 1 4
2 Derek Stepan Marcus Johansson Devin Setoguchi 33 0 1 4
3 Mikko Koivu Michael Rupp Lee Stempniak 20 0 1 4
4 Joe Colborne Erik Haula Eric Fehr 10 1 2 2
5 vs 5 Defense
Defense Defense Time % Phy DF OF
1 Marco Scandella Shea Weber 40 0 2 3
2 Tyler Myers Eric Gelinas 35 0 2 3
3 Anton Volchenkov Jared Spurgeon 25 1 2 2
4 Shea Weber Tyler Myers 0 1 2 2
PowerPlay Forward
Center Left Wing Right Wing Time % Phy DF OF
1 Derek Stepan Benoit Pouliot Devin Setoguchi 60 0 1 4
2 Derek Roy Marcus Johansson Dustin Brown 40 0 0 5
PowerPlay Defense
Defense Defense Time % Phy DF OF
1 Shea Weber Marco Scandella 60 1 2 2
2 Eric Gelinas Tyler Myers 40 1 2 2
Penalty Kill 4 Players Forward
Center Wing Time % Phy DF OF
1 Derek Roy Erik Haula 60 1 3 1
2 Joe Colborne Dustin Brown 40 1 3 1
Penalty Kill 4 Players Defense
Defense Defense Time % Phy DF OF
1 Marco Scandella Tyler Myers 60 1 4 0
2 Eric Gelinas Shea Weber 40 1 4 0
Penalty Kill - 3 Players Forward
Forward Time % Phy DF OF
1 Erik Haula 60 0 4 1
2 Dustin Brown 40 0 4 1
Penalty Kill - 3 Players Defense
Defense Defense Time % Phy DF OF
1 Tyler Myers Marco Scandella 60 0 4 1
2 Eric Gelinas Shea Weber 40 1 4 0
4 vs 4 Forward
Center Wing Time % Phy DF OF
1 Derek Stepan Benoit Pouliot 60 1 2 2
2 Derek Roy Dustin Brown 40 1 2 2
4 vs 4 Defense
Defense Defense Time % Phy DF OF
1 Tyler Myers Shea Weber 60 1 2 2
2 Marco Scandella Eric Gelinas 40 1 2 2
Last Minutes Offensive
Center Left Wing Right Wing Defense Defense
Derek Roy Benoit Pouliot Dustin Brown Marco Scandella Shea Weber
Last Minutes Defensive
Center Left Wing Right Wing Defense Defense
Derek Roy Erik Haula Dustin Brown Tyler Myers Shea Weber
Goaltenders
Starting : Kari Lehtonen
Backup : Jacob Markstrom
Extra Forwards
Normal : Derek Roy, Dustin Brown, Benoit Pouliot - PP : Derek Roy, Dustin Brown - PK : Dustin Brown
Extra Defensemen
Normal : Tyler Myers, Shea Weber, Marco Scandella - PP : Tyler Myers - PK : Eric Gelinas, Shea Weber
Penalty Shots
Derek Roy, Dustin Brown, Benoit Pouliot, Erik Haula, Derek Stepan
Scratches
Fredrik Sjostrom (Healthy), Kevin Klein (Healthy)
Predators
5 vs 5 Forward
Center Left Wing Right Wing Time % Phy DF OF
1 Ryan Kesler Alexander Ovechkin Niclas Bergfors 40 1 2 2
2 Andy Miele Alexander Steen Byron Bitz 30 1 2 2
3 Kris Vernarsky James Van Riemsdyk Adam Burish 20 1 2 2
4 Anton Gustafsson Justin Abdelkader Jeremy Williams 10 1 2 2
5 vs 5 Defense
Defense Defense Time % Phy DF OF
1 Ryan Mcdonagh Alexander Edler 40 1 2 2
2 John Moore Dmitri Kalinin 30 1 2 2
3 Brett Clark Ryan Murray 20 1 2 2
4 Ryan Mcdonagh Ryan Murray 10 1 2 2
PowerPlay Forward
Center Left Wing Right Wing Time % Phy DF OF
1 Ryan Kesler Alexander Ovechkin Niclas Bergfors 60 1 2 2
2 Andy Miele Alexander Steen Byron Bitz 40 1 2 2
PowerPlay Defense
Defense Defense Time % Phy DF OF
1 Alexander Edler Dmitri Kalinin 60 1 2 2
2 Ryan Mcdonagh Ryan Murray 40 1 2 2
Penalty Kill 4 Players Forward
Center Wing Time % Phy DF OF
1 Andy Miele Adam Burish 60 1 2 2
2 Ryan Kesler Byron Bitz 40 1 2 2
Penalty Kill 4 Players Defense
Defense Defense Time % Phy DF OF
1 Ryan Mcdonagh Alexander Edler 60 1 2 2
2 John Moore Brett Clark 40 1 2 2
Penalty Kill - 3 Players Forward
Forward Time % Phy DF OF
1 Byron Bitz 60 1 2 2
2 Adam Burish 40 1 2 2
Penalty Kill - 3 Players Defense
Defense Defense Time % Phy DF OF
1 Ryan Mcdonagh Alexander Edler 60 1 2 2
2 John Moore Brett Clark 40 1 2 2
4 vs 4 Forward
Center Wing Time % Phy DF OF
1 Ryan Kesler Alexander Ovechkin 60 1 2 2
2 Andy Miele Niclas Bergfors 40 1 2 2
4 vs 4 Defense
Defense Defense Time % Phy DF OF
1 Ryan Mcdonagh Alexander Edler 60 1 2 2
2 John Moore Dmitri Kalinin 40 1 2 2
Last Minutes Offensive
Center Left Wing Right Wing Defense Defense
Ryan Kesler Alexander Ovechkin Niclas Bergfors Ryan Mcdonagh Alexander Edler
Last Minutes Defensive
Center Left Wing Right Wing Defense Defense
Ryan Kesler Alexander Ovechkin Byron Bitz Ryan Mcdonagh Alexander Edler
Goaltenders
Starting : Viktor Fasth
Backup : Chad Johnson
Extra Forwards
Normal : James Van Riemsdyk, Adam Burish, Justin Abdelkader - PP : James Van Riemsdyk, Justin Abdelkader - PK : Justin Abdelkader
Extra Defensemen
Normal : Ryan Murray, Brett Clark, John Moore - PP : Ryan Murray - PK : Brett Clark, John Moore
Penalty Shots
Alexander Ovechkin, Ryan Kesler, Niclas Bergfors, Byron Bitz, Adam Burish
Scratches
Andrej Meszaros (Healthy), Barret Jackman (Healthy), Mikael Granlund (Right Forearm Injury)
% Time on Ice - Jets
Lines # - Real PCT - Wanted PCT - Time Play
Normal Forward
1 - 32% - 37% - 15:59
2 - 29% - 33% - 14:12
3 - 24% - 20% - 12:02
4 - 15% - 10% - 7:24
Normal Defense
1 - 40% - 40% - 19:44
2 - 35% - 35% - 17:34
3 - 25% - 25% - 12:19
4 - 0% - 0% - 0:00
PP Forward
1 - 63% - 60% - 3:45
2 - 37% - 40% - 2:12
PP Defense
1 - 68% - 60% - 4:01
2 - 32% - 40% - 1:56
PK Forward
1 - 83% - 60% - 3:42
2 - 17% - 40% - 0:44
PK Defense
1 - 95% - 60% - 4:14
2 - 5% - 40% - 0:12
PK3 Forward
1 - 0% - 60%
2 - 0% - 40%
PK3 Defense
1 - 0% - 60%
2 - 0% - 40%
44 Forward
1 - 0% - 60%
2 - 0% - 40%
44 Defense
1 - 0% - 60%
2 - 0% - 40%
Last Minute Offensive - 0:00
Last Minute Defensive - 0:00
Total
Forward - 60:00
Defense - 60:00
|
% Time on Ice - Predators
Lines # - Real PCT - Wanted PCT - Time Play
Normal Forward
1 - 37% - 40% - 18:10
2 - 25% - 30% - 12:36
3 - 21% - 20% - 10:31
4 - 17% - 10% - 8:20
Normal Defense
1 - 39% - 40% - 19:13
2 - 36% - 30% - 17:46
3 - 20% - 20% - 10:04
4 - 5% - 10% - 2:34
PP Forward
1 - 61% - 60% - 2:43
2 - 39% - 40% - 1:43
PP Defense
1 - 61% - 60% - 2:42
2 - 39% - 40% - 1:44
PK Forward
1 - 77% - 60% - 4:36
2 - 23% - 40% - 1:21
PK Defense
1 - 76% - 60% - 4:32
2 - 24% - 40% - 1:25
PK3 Forward
1 - 0% - 60%
2 - 0% - 40%
PK3 Defense
1 - 0% - 60%
2 - 0% - 40%
44 Forward
1 - 0% - 60%
2 - 0% - 40%
44 Defense
1 - 0% - 60%
2 - 0% - 40%
Last Minute Offensive - 0:00
Last Minute Defensive - 0:00
Total
Forward - 60:00
Defense - 60:00
|
Play by Play
1st period
0:01 of 1st period - Derek Roy wins face-off versus Ryan Kesler in neutral zone.
0:39 of 1st period - Snap shot by Adam Burish.
0:39 of 1st period - Deflect By James Van Riemsdyk.
0:39 of 1st period - Shot Blocked by Dustin Brown.
0:39 of 1st period - Puck is out of play.
0:40 of 1st period - Derek Stepan wins face-off versus Andy Miele in Jets zone.
0:47 of 1st period - Slapshot by Tyler Myers.
0:47 of 1st period - Stopped by Viktor Fasth with a rebound.
0:57 of 1st period - Wrist shot by Devin Setoguchi.
0:57 of 1st period - Stopped by Viktor Fasth without a rebound.
0:58 of 1st period - Mikko Koivu wins face-off versus Anton Gustafsson in Predators zone.
1:17 of 1st period - Jeremy Williams is hit by Lee Stempniak and loses puck.
1:40 of 1st period - Snap shot by Niclas Bergfors.
1:40 of 1st period - Shot Misses the Net.
2:43 of 1st period - Wrist shot by Justin Abdelkader.
2:43 of 1st period - Shot Blocked by Michael Rupp.
2:45 of 1st period - Slapshot by John Moore.
2:45 of 1st period - Deflect By Justin Abdelkader.
2:45 of 1st period - Shot Misses the Net.
2:45 of 1st period - Puck is out of play.
2:46 of 1st period - Derek Stepan wins face-off versus Alexander Ovechkin in Jets zone.
3:13 of 1st period - Andy Miele is hit by Derek Roy.
3:17 of 1st period - Wrist shot by Byron Bitz.
3:17 of 1st period - Shot Misses the Net.
4:04 of 1st period - Snap shot by Shea Weber.
4:04 of 1st period - Stopped by Viktor Fasth with a rebound.
4:16 of 1st period - Snap shot by Alexander Ovechkin.
4:16 of 1st period - Shot Misses the Net.
4:38 of 1st period - Snap shot by Byron Bitz.
4:38 of 1st period - Stopped by Kari Lehtonen without a rebound.
4:39 of 1st period - Derek Roy wins face-off versus Andy Miele in Jets zone.
5:06 of 1st period - Adam Burish is hit by Mikko Koivu.
5:30 of 1st period - Joe Colborne is hit by Alexander Ovechkin and loses puck.
5:58 of 1st period - Justin Abdelkader is hit by Eric Fehr and loses puck.
6:05 of 1st period - Joe Colborne is hit by Alexander Edler.
6:15 of 1st period - Dustin Brown is hit by Byron Bitz and loses puck.
6:36 of 1st period - Tyler Myers is hit by Brett Clark and loses puck.
6:41 of 1st period - Slapshot by Alexander Ovechkin.
6:41 of 1st period - Shot Misses the Net.
7:09 of 1st period - Wrist shot by Michael Rupp.
7:09 of 1st period - Shot Blocked by Dmitri Kalinin.
7:11 of 1st period - Slapshot by Eric Gelinas.
7:11 of 1st period - Shot Misses the Net.
7:37 of 1st period - Off-side.
7:38 of 1st period - Byron Bitz wins face-off versus Derek Stepan in neutral zone.
7:40 of 1st period - Ryan Mcdonagh is hit by Marco Scandella and loses puck.
7:49 of 1st period - Slapshot by Shea Weber.
7:49 of 1st period - Stopped by Viktor Fasth without a rebound.
7:50 of 1st period - Derek Roy wins face-off versus Ryan Kesler in Predators zone.
7:59 of 1st period - Wrist shot by Derek Roy.
7:59 of 1st period - Shot Misses the Net.
8:05 of 1st period - Wrist shot by Niclas Bergfors.
8:05 of 1st period - Shot Blocked by Dustin Brown.
8:07 of 1st period - Snap shot by Ryan Kesler.
8:07 of 1st period - Shot Misses the Net.
8:17 of 1st period - Byron Bitz is hit by Marcus Johansson and loses puck.
8:26 of 1st period - Slapshot by Marcus Johansson.
8:26 of 1st period - Stopped by Viktor Fasth without a rebound.
8:27 of 1st period - Ryan Kesler wins face-off versus Derek Stepan in Predators zone.
8:27 of 1st period - Ryan Kesler is hit by Marcus Johansson.
8:57 of 1st period - Wrist shot by Adam Burish.
8:57 of 1st period - Stopped by Kari Lehtonen without a rebound.
8:58 of 1st period - Derek Roy wins face-off versus Kris Vernarsky in Jets zone.
9:00 of 1st period - Minor Penalty to Derek Roy for Hooking.
9:01 of 1st period - Dustin Brown wins face-off versus Ryan Kesler in Jets zone.
9:12 of 1st period - Icing by Alexander Ovechkin.
9:13 of 1st period - Dustin Brown wins face-off versus Ryan Kesler in Predators zone.
9:28 of 1st period - Snap shot by Niclas Bergfors.
9:28 of 1st period - Goal by Niclas Bergfors - Jets : 0 - Predators : 1.
9:29 of 1st period - Ryan Kesler wins face-off versus Derek Roy in neutral zone.
9:43 of 1st period - Slapshot by Benoit Pouliot.
9:43 of 1st period - Goal by Benoit Pouliot - Jets : 1 - Predators : 1.
9:44 of 1st period - Mikko Koivu wins face-off versus Ryan Kesler in neutral zone.
9:57 of 1st period - Snap shot by Niclas Bergfors.
9:57 of 1st period - Stopped by Kari Lehtonen with a rebound.
10:18 of 1st period - Snap shot by Byron Bitz.
10:18 of 1st period - Stopped by Kari Lehtonen with a rebound.
10:20 of 1st period - Slapshot by Dmitri Kalinin.
10:20 of 1st period - Stopped by Kari Lehtonen with a rebound.
10:41 of 1st period - Wrist shot by Marcus Johansson.
10:41 of 1st period - Stopped by Viktor Fasth without a rebound.
10:42 of 1st period - Ryan Kesler wins face-off versus Derek Roy in Predators zone.
10:47 of 1st period - Eric Gelinas is hit by Niclas Bergfors and loses puck.
11:10 of 1st period - Slapshot by Derek Stepan.
11:10 of 1st period - Stopped by Viktor Fasth with a rebound.
11:24 of 1st period - Alexander Edler is hit by Devin Setoguchi and loses puck.
11:39 of 1st period - Jared Spurgeon is hit by Justin Abdelkader and loses puck.
11:48 of 1st period - Slapshot by Alexander Edler.
11:48 of 1st period - Stopped by Kari Lehtonen with a rebound.
12:06 of 1st period - Niclas Bergfors is hit by Eric Fehr and loses puck.
12:51 of 1st period - Snap shot by Adam Burish.
12:51 of 1st period - Shot Misses the Net.
13:45 of 1st period - Dustin Brown is hit by Byron Bitz and loses puck.
13:56 of 1st period - Snap shot by Benoit Pouliot.
13:56 of 1st period - Stopped by Viktor Fasth with a rebound.
14:14 of 1st period - Snap shot by Adam Burish.
14:14 of 1st period - Shot Misses the Net.
14:16 of 1st period - Snap shot by Kris Vernarsky.
14:16 of 1st period - Shot Blocked by Jared Spurgeon.
15:30 of 1st period - Snap shot by Kris Vernarsky.
15:30 of 1st period - Stopped by Kari Lehtonen without a rebound.
15:31 of 1st period - Derek Stepan wins face-off versus Kris Vernarsky in Jets zone.
15:44 of 1st period - Wrist shot by James Van Riemsdyk.
15:44 of 1st period - Shot Misses the Net.
15:52 of 1st period - Snap shot by James Van Riemsdyk.
15:52 of 1st period - Stopped by Kari Lehtonen without a rebound.
15:53 of 1st period - Derek Roy wins face-off versus Alexander Ovechkin in Jets zone.
15:58 of 1st period - Snap shot by Benoit Pouliot.
15:58 of 1st period - Stopped by Viktor Fasth with a rebound.
16:10 of 1st period - Snap shot by Benoit Pouliot.
16:10 of 1st period - Shot Misses the Net.
16:30 of 1st period - Slapshot by Shea Weber.
16:30 of 1st period - Stopped by Viktor Fasth without a rebound.
16:31 of 1st period - Andy Miele wins face-off versus Mikko Koivu in Predators zone.
16:58 of 1st period - Icing by Alexander Edler.
16:59 of 1st period - Ryan Kesler wins face-off versus Derek Roy in Predators zone.
17:08 of 1st period - Snap shot by Benoit Pouliot.
17:08 of 1st period - Goal by Benoit Pouliot - Jets : 2 - Predators : 1.
17:09 of 1st period - Derek Roy wins face-off versus Ryan Kesler in neutral zone.
17:35 of 1st period - Eric Gelinas is hit by Byron Bitz and loses puck.
17:44 of 1st period - Snap shot by Alexander Steen.
17:44 of 1st period - Stopped by Kari Lehtonen with a rebound.
17:46 of 1st period - Slapshot by Ryan Murray.
17:46 of 1st period - Stopped by Kari Lehtonen with a rebound.
17:48 of 1st period - Snap shot by Ryan Murray.
17:48 of 1st period - Shot Misses the Net.
18:02 of 1st period - Snap shot by Michael Rupp.
18:02 of 1st period - Stopped by Viktor Fasth without a rebound.
18:03 of 1st period - Ryan Kesler wins face-off versus Michael Rupp in Predators zone.
18:24 of 1st period - Backhand shot by Michael Rupp.
18:24 of 1st period - Shot Blocked by Dmitri Kalinin.
18:54 of 1st period - Wrist shot by Michael Rupp.
18:54 of 1st period - Stopped by Viktor Fasth without a rebound.
18:55 of 1st period - Derek Roy wins face-off versus Andy Miele in Predators zone.
18:56 of 1st period - Slapshot by Dustin Brown.
18:56 of 1st period - Stopped by Viktor Fasth with a rebound.
18:58 of 1st period - Minor Penalty to Alexander Edler for High sticking.
18:59 of 1st period - Andy Miele wins face-off versus Derek Stepan in Predators zone.
19:34 of 1st period - Wrist shot by Derek Roy.
19:34 of 1st period - Stopped by Viktor Fasth without a rebound.
19:35 of 1st period - Devin Setoguchi wins face-off versus Andy Miele in Predators zone.
Goals for this period are 2 for Jets vs 1 for Predators.
Shots for this period are 16 for Jets vs 11 for Predators.
2nd period
0:01 of 2nd period - Derek Stepan wins face-off versus Andy Miele in neutral zone.
0:04 of 2nd period - Slapshot by Shea Weber.
0:04 of 2nd period - Shot Misses the Net.
0:26 of 2nd period - Ryan Mcdonagh is hit by Marco Scandella and loses puck.
0:31 of 2nd period - Slapshot by Derek Roy.
0:31 of 2nd period - Stopped by Viktor Fasth with a rebound.
0:33 of 2nd period - Snap shot by Marcus Johansson.
0:33 of 2nd period - Stopped by Viktor Fasth with a rebound.
0:58 of 2nd period - Penalty to Alexander Edler is over, Alexander Edler is back on ice.
1:19 of 2nd period - Snap shot by Justin Abdelkader.
1:19 of 2nd period - Shot Blocked by Lee Stempniak.
1:21 of 2nd period - Wrist shot by Ryan Mcdonagh.
1:21 of 2nd period - Shot Blocked by Anton Volchenkov.
1:23 of 2nd period - Snap shot by Ryan Mcdonagh.
1:23 of 2nd period - Shot Blocked by Michael Rupp.
1:37 of 2nd period - Snap shot by Niclas Bergfors.
1:37 of 2nd period - Stopped by Kari Lehtonen with a rebound.
1:51 of 2nd period - Snap shot by Erik Haula.
1:51 of 2nd period - Stopped by Viktor Fasth with a rebound.
1:53 of 2nd period - Wrist shot by Anton Volchenkov.
1:53 of 2nd period - Shot Blocked by Dmitri Kalinin.
1:55 of 2nd period - Wrist shot by Eric Fehr.
1:55 of 2nd period - Stopped by Viktor Fasth without a rebound.
1:56 of 2nd period - Derek Roy wins face-off versus Andy Miele in Predators zone.
2:11 of 2nd period - Marco Scandella is hit by Alexander Steen and loses puck.
2:22 of 2nd period - Marco Scandella is hit by Alexander Ovechkin and loses puck.
2:29 of 2nd period - Backhand shot by Marcus Johansson.
2:29 of 2nd period - Stopped by Viktor Fasth with a rebound.
2:45 of 2nd period - Snap shot by Justin Abdelkader.
2:45 of 2nd period - Stopped by Kari Lehtonen with a rebound.
2:47 of 2nd period - Backhand shot by John Moore.
2:47 of 2nd period - Shot Blocked by Eric Gelinas.
2:55 of 2nd period - Dmitri Kalinin is hit by Tyler Myers and loses puck.
3:04 of 2nd period - Tyler Myers is hit by Anton Gustafsson and loses puck.
3:19 of 2nd period - Snap shot by Eric Gelinas.
3:19 of 2nd period - Shot Blocked by Alexander Edler.
3:29 of 2nd period - Slapshot by Eric Fehr.
3:29 of 2nd period - Shot Blocked by Ryan Mcdonagh.
3:51 of 2nd period - Wrist shot by Eric Fehr.
3:51 of 2nd period - Shot Misses the Net.
4:01 of 2nd period - Snap shot by Justin Abdelkader.
4:01 of 2nd period - Deflect By Jeremy Williams.
4:01 of 2nd period - Stopped by Kari Lehtonen without a rebound.
4:02 of 2nd period - Ryan Kesler wins face-off versus Derek Roy in Jets zone.
4:07 of 2nd period - Snap shot by Niclas Bergfors.
4:07 of 2nd period - Stopped by Kari Lehtonen with a rebound.
4:09 of 2nd period - Snap shot by Niclas Bergfors.
4:09 of 2nd period - Stopped by Kari Lehtonen without a rebound.
4:10 of 2nd period - Derek Roy wins face-off versus Ryan Kesler in Jets zone.
4:18 of 2nd period - Minor Penalty to Alexander Ovechkin for Hooking.
4:19 of 2nd period - Andy Miele wins face-off versus Derek Stepan in Predators zone.
4:29 of 2nd period - Snap shot by Benoit Pouliot.
4:29 of 2nd period - Shot Blocked by Andy Miele.
4:31 of 2nd period - Wrist shot by Derek Stepan.
4:31 of 2nd period - Shot Blocked by Ryan Mcdonagh.
5:55 of 2nd period - Alexander Steen is hit by Marco Scandella and loses puck.
6:18 of 2nd period - Penalty to Alexander Ovechkin is over, Alexander Ovechkin is back on ice.
6:25 of 2nd period - Icing by Adam Burish.
6:26 of 2nd period - Mikko Koivu wins face-off versus Andy Miele in Predators zone.
6:27 of 2nd period - Snap shot by Michael Rupp.
6:27 of 2nd period - Stopped by Viktor Fasth without a rebound.
6:28 of 2nd period - Ryan Kesler wins face-off versus Mikko Koivu in Predators zone.
6:41 of 2nd period - Wrist shot by Alexander Ovechkin.
6:41 of 2nd period - Shot Misses the Net.
6:43 of 2nd period - Slapshot by Ryan Murray.
6:43 of 2nd period - Stopped by Kari Lehtonen without a rebound.
6:44 of 2nd period - Byron Bitz wins face-off versus Derek Roy in Jets zone.
6:45 of 2nd period - Wrist shot by Alexander Steen.
6:45 of 2nd period - Deflect By Shea Weber.
6:45 of 2nd period - Stopped by Kari Lehtonen with a rebound.
6:47 of 2nd period - Backhand shot by Alexander Steen.
6:47 of 2nd period - Stopped by Kari Lehtonen without a rebound.
6:48 of 2nd period - Benoit Pouliot wins face-off versus Andy Miele in Jets zone.
8:56 of 2nd period - Eric Gelinas is hit by Alexander Edler and loses puck.
9:03 of 2nd period - Snap shot by Adam Burish.
9:03 of 2nd period - Shot Blocked by Tyler Myers.
9:05 of 2nd period - Slapshot by Brett Clark.
9:05 of 2nd period - Shot Misses the Net.
9:07 of 2nd period - Slapshot by Ryan Murray.
9:07 of 2nd period - Stopped by Kari Lehtonen without a rebound.
9:08 of 2nd period - Derek Roy wins face-off versus Andy Miele in Jets zone.
9:15 of 2nd period - Snap shot by Benoit Pouliot.
9:15 of 2nd period - Goal by Benoit Pouliot - Jets : 3 - Predators : 1.
9:16 of 2nd period - Ryan Kesler wins face-off versus Derek Roy in neutral zone.
9:29 of 2nd period - Snap shot by Alexander Ovechkin.
9:29 of 2nd period - Shot Misses the Net.
9:31 of 2nd period - Snap shot by Niclas Bergfors.
9:31 of 2nd period - Shot Misses the Net.
9:57 of 2nd period - Slapshot by Derek Stepan.
9:57 of 2nd period - Stopped by Viktor Fasth without a rebound.
9:58 of 2nd period - Mikko Koivu wins face-off versus Andy Miele in Predators zone.
9:59 of 2nd period - Snap shot by Lee Stempniak.
9:59 of 2nd period - Stopped by Viktor Fasth without a rebound.
10:00 of 2nd period - Andy Miele wins face-off versus Michael Rupp in Predators zone.
10:34 of 2nd period - Wrist shot by Dustin Brown.
10:34 of 2nd period - Shot Blocked by Alexander Ovechkin.
10:36 of 2nd period - Snap shot by Tyler Myers.
10:36 of 2nd period - Deflect By Derek Roy.
10:36 of 2nd period - Shot Blocked by Dmitri Kalinin.
10:36 of 2nd period - Puck is out of play.
10:37 of 2nd period - Kris Vernarsky wins face-off versus Derek Roy in Predators zone.
10:44 of 2nd period - Slapshot by Adam Burish.
10:44 of 2nd period - Stopped by Kari Lehtonen without a rebound.
10:45 of 2nd period - Derek Roy wins face-off versus Kris Vernarsky in Jets zone.
10:56 of 2nd period - Snap shot by Benoit Pouliot.
10:56 of 2nd period - Stopped by Viktor Fasth with a rebound.
10:58 of 2nd period - Slapshot by Shea Weber.
10:58 of 2nd period - Shot Blocked by Kris Vernarsky.
11:00 of 2nd period - Slapshot by Shea Weber.
11:00 of 2nd period - Deflect By James Van Riemsdyk.
11:00 of 2nd period - Stopped by Viktor Fasth without a rebound.
11:01 of 2nd period - Derek Stepan wins face-off versus Ryan Kesler in Predators zone.
11:12 of 2nd period - Slapshot by Shea Weber.
11:12 of 2nd period - Shot Blocked by Alexander Edler.
11:15 of 2nd period - Icing by Alexander Edler.
11:16 of 2nd period - Derek Roy wins face-off versus Ryan Kesler in Predators zone.
12:14 of 2nd period - Off-side.
12:15 of 2nd period - Derek Stepan wins face-off versus Alexander Steen in neutral zone.
12:20 of 2nd period - Wrist shot by Marcus Johansson.
12:20 of 2nd period - Stopped by Viktor Fasth without a rebound.
12:21 of 2nd period - Derek Stepan wins face-off versus Andy Miele in Predators zone.
12:26 of 2nd period - Wrist shot by Marcus Johansson.
12:26 of 2nd period - Stopped by Viktor Fasth with a rebound.
12:28 of 2nd period - Slapshot by Eric Gelinas.
12:28 of 2nd period - Stopped by Viktor Fasth with a rebound.
13:05 of 2nd period - Minor Penalty to Tyler Myers for Tripping.
13:06 of 2nd period - Derek Roy wins face-off versus Ryan Kesler in Jets zone.
13:15 of 2nd period - Slapshot by Derek Roy.
13:15 of 2nd period - Shot Misses the Net.
14:03 of 2nd period - Dmitri Kalinin is hit by Marco Scandella.
15:05 of 2nd period - Penalty to Tyler Myers is over, Tyler Myers is back on ice.
15:23 of 2nd period - Slapshot by Tyler Myers.
15:23 of 2nd period - Stopped by Viktor Fasth with a rebound.
15:25 of 2nd period - Slapshot by Shea Weber.
15:25 of 2nd period - Shot Misses the Net.
15:29 of 2nd period - Slapshot by Tyler Myers.
15:29 of 2nd period - Stopped by Viktor Fasth with a rebound.
15:33 of 2nd period - Slapshot by Benoit Pouliot.
15:33 of 2nd period - Stopped by Viktor Fasth with a rebound.
15:35 of 2nd period - Snap shot by Tyler Myers.
15:35 of 2nd period - Shot Blocked by Alexander Edler.
15:37 of 2nd period - Slapshot by Anton Volchenkov.
15:37 of 2nd period - Shot Misses the Net.
15:39 of 2nd period - Snap shot by Benoit Pouliot.
15:39 of 2nd period - Stopped by Viktor Fasth without a rebound.
15:40 of 2nd period - Jeremy Williams wins face-off versus Derek Stepan in Predators zone.
15:47 of 2nd period - Snap shot by Justin Abdelkader.
15:47 of 2nd period - Shot Blocked by Derek Stepan.
15:49 of 2nd period - Wrist shot by Anton Gustafsson.
15:49 of 2nd period - Shot Misses the Net.
15:51 of 2nd period - Slapshot by Ryan Mcdonagh.
15:51 of 2nd period - Shot Misses the Net.
15:53 of 2nd period - Slapshot by Anton Gustafsson.
15:53 of 2nd period - Stopped by Kari Lehtonen with a rebound.
16:05 of 2nd period - Ryan Mcdonagh is hit by Tyler Myers and loses puck.
17:18 of 2nd period - Jeremy Williams is hit by Benoit Pouliot and loses puck.
17:35 of 2nd period - Snap shot by Alexander Steen.
17:35 of 2nd period - Stopped by Kari Lehtonen without a rebound.
17:36 of 2nd period - Ryan Kesler wins face-off versus Mikko Koivu in Jets zone.
17:43 of 2nd period - Snap shot by Alexander Ovechkin.
17:43 of 2nd period - Shot Misses the Net.
17:45 of 2nd period - Wrist shot by Ryan Kesler.
17:45 of 2nd period - Stopped by Kari Lehtonen without a rebound.
17:46 of 2nd period - Ryan Kesler wins face-off versus Derek Roy in Jets zone.
17:59 of 2nd period - Wrist shot by Dustin Brown.
17:59 of 2nd period - Deflect By Ryan Mcdonagh.
17:59 of 2nd period - Stopped by Viktor Fasth with a rebound.
18:11 of 2nd period - Slapshot by Alexander Ovechkin.
18:11 of 2nd period - Stopped by Kari Lehtonen with a rebound.
18:43 of 2nd period - Snap shot by Alexander Steen.
18:43 of 2nd period - Stopped by Kari Lehtonen without a rebound.
18:44 of 2nd period - Adam Burish wins face-off versus Derek Roy in Jets zone.
19:09 of 2nd period - Eric Gelinas is hit by Dmitri Kalinin and loses puck.
19:57 of 2nd period - Jared Spurgeon is hit by Adam Burish and loses puck.
Goals for this period are 1 for Jets vs 0 for Predators.
Shots for this period are 19 for Jets vs 15 for Predators.
3rd period
0:01 of 3rd period - Derek Roy wins face-off versus Ryan Kesler in neutral zone.
0:34 of 3rd period - Slapshot by Alexander Edler.
0:34 of 3rd period - Shot Blocked by Anton Volchenkov.
0:37 of 3rd period - Icing by Jared Spurgeon.
0:38 of 3rd period - Adam Burish wins face-off versus Derek Stepan in Jets zone.
0:46 of 3rd period - Slapshot by James Van Riemsdyk.
0:46 of 3rd period - Shot Blocked by Anton Volchenkov.
0:48 of 3rd period - Backhand shot by Dmitri Kalinin.
0:48 of 3rd period - Stopped by Kari Lehtonen with a rebound.
0:50 of 3rd period - Slapshot by John Moore.
0:50 of 3rd period - Stopped by Kari Lehtonen with a rebound.
0:52 of 3rd period - Slapshot by John Moore.
0:52 of 3rd period - Shot Blocked by Anton Volchenkov.
0:54 of 3rd period - Wrist shot by Dmitri Kalinin.
0:54 of 3rd period - Stopped by Kari Lehtonen without a rebound.
0:55 of 3rd period - Derek Roy wins face-off versus Ryan Kesler in Jets zone.
1:22 of 3rd period - Shea Weber is hit by Andy Miele and loses puck.
2:06 of 3rd period - Wrist shot by Justin Abdelkader.
2:06 of 3rd period - Shot Misses the Net.
2:24 of 3rd period - Minor Penalty to Alexander Ovechkin for Slashing.
2:25 of 3rd period - Derek Stepan wins face-off versus Andy Miele in Predators zone.
2:26 of 3rd period - Snap shot by Benoit Pouliot.
2:26 of 3rd period - Shot Misses the Net.
2:28 of 3rd period - Slapshot by Marco Scandella.
2:28 of 3rd period - Stopped by Viktor Fasth with a rebound.
2:30 of 3rd period - Slapshot by Shea Weber.
2:30 of 3rd period - Stopped by Viktor Fasth without a rebound.
2:31 of 3rd period - Andy Miele wins face-off versus Derek Stepan in Predators zone.
2:50 of 3rd period - Andy Miele is hit by Derek Stepan and loses puck.
4:24 of 3rd period - Penalty to Alexander Ovechkin is over, Alexander Ovechkin is back on ice.
4:38 of 3rd period - Ryan Kesler is hit by Joe Colborne and loses puck.
4:45 of 3rd period - Wrist shot by Erik Haula.
4:45 of 3rd period - Stopped by Viktor Fasth without a rebound.
4:46 of 3rd period - Anton Gustafsson wins face-off versus Mikko Koivu in Predators zone.
5:25 of 3rd period - Icing by Tyler Myers.
5:26 of 3rd period - Kris Vernarsky wins face-off versus Derek Roy in Jets zone.
5:58 of 3rd period - Icing by Tyler Myers.
5:59 of 3rd period - Andy Miele wins face-off versus Mikko Koivu in Jets zone.
6:10 of 3rd period - Snap shot by Byron Bitz.
6:10 of 3rd period - Stopped by Kari Lehtonen without a rebound.
6:11 of 3rd period - Derek Roy wins face-off versus Ryan Kesler in Jets zone.
8:03 of 3rd period - Off-side.
8:04 of 3rd period - Derek Stepan wins face-off versus Andy Miele in neutral zone.
8:54 of 3rd period - Dmitri Kalinin is hit by Dustin Brown and loses puck.
9:01 of 3rd period - Wrist shot by Dustin Brown.
9:01 of 3rd period - Goal by Dustin Brown - Jets : 4 - Predators : 1.
9:02 of 3rd period - Derek Roy wins face-off versus Ryan Kesler in neutral zone.
9:13 of 3rd period - Slapshot by Benoit Pouliot.
9:13 of 3rd period - Goal by Benoit Pouliot - Jets : 5 - Predators : 1.
9:14 of 3rd period - Derek Roy wins face-off versus Ryan Kesler in neutral zone.
9:32 of 3rd period - Derek Roy is hit by Niclas Bergfors and loses puck.
10:06 of 3rd period - Shea Weber is hit by Adam Burish.
10:10 of 3rd period - Marco Scandella is hit by Adam Burish and loses puck.
11:25 of 3rd period - Slapshot by Dmitri Kalinin.
11:25 of 3rd period - Shot Blocked by Mikko Koivu.
11:27 of 3rd period - Backhand shot by Kris Vernarsky.
11:27 of 3rd period - Stopped by Kari Lehtonen with a rebound.
11:29 of 3rd period - Snap shot by Adam Burish.
11:29 of 3rd period - Stopped by Kari Lehtonen without a rebound.
11:30 of 3rd period - Derek Stepan wins face-off versus Ryan Kesler in Jets zone.
11:40 of 3rd period - Wrist shot by Niclas Bergfors.
11:40 of 3rd period - Stopped by Kari Lehtonen without a rebound.
11:41 of 3rd period - Ryan Kesler wins face-off versus Derek Roy in Jets zone.
12:08 of 3rd period - Anton Volchenkov is hit by Andy Miele and loses puck.
12:19 of 3rd period - Slapshot by Alexander Steen.
12:19 of 3rd period - Shot Misses the Net.
12:21 of 3rd period - Slapshot by Byron Bitz.
12:21 of 3rd period - Stopped by Kari Lehtonen with a rebound.
12:33 of 3rd period - Snap shot by Lee Stempniak.
12:33 of 3rd period - Deflect By Brett Clark.
12:33 of 3rd period - Stopped by Viktor Fasth without a rebound.
12:34 of 3rd period - Mikko Koivu wins face-off versus Kris Vernarsky in Predators zone.
12:41 of 3rd period - Wrist shot by Michael Rupp.
12:41 of 3rd period - Stopped by Viktor Fasth with a rebound.
12:43 of 3rd period - Snap shot by Lee Stempniak.
12:43 of 3rd period - Deflect By Kris Vernarsky.
12:43 of 3rd period - Shot Misses the Net.
12:43 of 3rd period - Puck is out of play.
12:44 of 3rd period - Ryan Kesler wins face-off versus Dustin Brown in Predators zone.
13:16 of 3rd period - Snap shot by Derek Stepan.
13:16 of 3rd period - Shot Misses the Net.
13:18 of 3rd period - Wrist shot by Shea Weber.
13:18 of 3rd period - Shot Blocked by Byron Bitz.
13:20 of 3rd period - Backhand shot by Marco Scandella.
13:20 of 3rd period - Shot Blocked by John Moore.
13:59 of 3rd period - Snap shot by Anton Gustafsson.
13:59 of 3rd period - Stopped by Kari Lehtonen with a rebound.
14:17 of 3rd period - Eric Gelinas is hit by Alexander Ovechkin and loses puck.
14:27 of 3rd period - Icing by Brett Clark.
14:28 of 3rd period - Byron Bitz wins face-off versus Derek Stepan in Predators zone.
14:28 of 3rd period - Byron Bitz is hit by Jared Spurgeon.
14:40 of 3rd period - Wrist shot by Byron Bitz.
14:40 of 3rd period - Goal by Byron Bitz - Jets : 5 - Predators : 2.
14:41 of 3rd period - Ryan Kesler wins face-off versus Derek Roy in neutral zone.
15:07 of 3rd period - Niclas Bergfors is hit by Marco Scandella and loses puck.
15:17 of 3rd period - Off-side.
15:18 of 3rd period - Byron Bitz wins face-off versus Derek Roy in neutral zone.
15:24 of 3rd period - Minor Penalty to Tyler Myers for Tripping.
15:25 of 3rd period - Derek Roy wins face-off versus Ryan Kesler in Jets zone.
15:38 of 3rd period - Derek Roy is hit by Niclas Bergfors and loses puck.
15:57 of 3rd period - Wrist shot by Byron Bitz.
15:57 of 3rd period - Stopped by Kari Lehtonen without a rebound.
15:58 of 3rd period - Ryan Kesler wins face-off versus Derek Roy in Jets zone.
17:24 of 3rd period - Penalty to Tyler Myers is over, Tyler Myers is back on ice.
17:30 of 3rd period - Anton Volchenkov is hit by Ryan Murray and loses puck.
18:27 of 3rd period - Snap shot by Adam Burish.
18:27 of 3rd period - Stopped by Kari Lehtonen without a rebound.
18:28 of 3rd period - Derek Roy wins face-off versus Kris Vernarsky in Jets zone.
18:39 of 3rd period - Slapshot by Benoit Pouliot.
18:39 of 3rd period - Deflect By Dustin Brown.
18:39 of 3rd period - Shot Misses the Net.
18:39 of 3rd period - Puck is out of play.
18:40 of 3rd period - Benoit Pouliot wins face-off versus Ryan Kesler in Predators zone.
Goals for this period are 2 for Jets vs 1 for Predators.
Shots for this period are 7 for Jets vs 12 for Predators.
Back to the Top